 Dungeon Crawl Stone Soup version 0.21.1-1-g345015f (webtiles) character file.

5832 jerryfan the Fighter (level 10, -4/85 HPs)
             Began as a Gnoll Wanderer on May 14, 2018.
             Slain by a worker ant (8 damage)
             ... on level 9 of the Dungeon.
             The game lasted 01:02:36 (8195 turns).

jerryfan the Fighter (Gnoll Wanderer)               Turns: 8195, Time: 01:02:39

Health: -4/85      AC: 13    Str: 21    XL:     10   Next: 80%
Magic:  6/6        EV: 18    Int: 20    God:
Gold:   645        SH:  0    Dex: 17    Spells: 20/20 levels left

rFire    . . .     SeeInvis .   h - +8 trident of Unreason {antimagic, Str+2}
rCold    . . .     Gourm    .   (no shield)
rNeg     . . .     Faith    .   W - +4 robe of Muas {Str+3 Int+4}
rPois    .         Spirit   .   t - +2 helmet
rElec    .         Reflect  .   k - +0 cloak
rCorr    .         Harm     .   m - +0 pair of gloves (curse)
MR       .....                  o - +0 pair of boots
Stlth    +++.......             H - amulet of magic regeneration
HPRegen  0.24/turn              P - +2 ring of evasion
MPRegen  0.35/turn              G - +2 ring of dexterity

@: no status effects
A: distributed training, fangs 1, strong nose
a: no special abilities


You were on level 9 of the Dungeon.
You were not hungry.

You visited 3 branches of the dungeon, and saw 11 of its levels.
You also visited: Ossuary.

You collected 645 gold pieces.

Inventory:

Hand Weapons
 a - a +3 shortbow
 e - a +1 shortbow of flaming
 g - a +3 scimitar of flaming
 h - the +8 trident of Unreason (weapon) {antimagic, Str+2}
   (You found it on level 5 of the Dungeon)

   It reduces the magical energy of the wielder, and disrupts the spells and
   magical abilities of those hit.
   Natural abilities and divine invocations are not affected.
   It affects your strength (+2).
 v - a +1 falchion of venom
 w - a +2 mace of protection
 y - a +2 shortbow of freezing
 B - a +1 mace of draining
Missiles
 b - 172 arrows
Armour
 c - a +0 ring mail
 k - a +0 cloak (worn)
 m - a cursed +0 pair of gloves (worn)
 o - a +0 pair of boots (worn)
 t - a +2 helmet (worn)
 W - the +4 robe of Muas (worn) {Str+3 Int+4}
   (You found it on level 8 of the Dungeon)

   It affects your strength (+3).
   It affects your intelligence (+4).
Jewellery
 p - an uncursed ring of magical power
 G - a +2 ring of dexterity (right hand)
 H - an amulet of magic regeneration (around neck)
 K - an uncursed ring of protection from magic
 P - a +2 ring of evasion (left hand)
 X - an uncursed ring of wizardry
Wands
 C - a wand of paralysis (9)
 E - a wand of disintegration (4)
 L - a wand of flame (33)
 O - a wand of random effects (19)
Scrolls
 q - 2 scrolls of immolation {unknown}
 s - a scroll of random uselessness {unknown}
 u - a scroll of blinking {unknown}
 A - 2 scrolls of fear {unknown}
 D - 3 scrolls of amnesia {unknown}
 I - 2 scrolls of remove curse {unknown}
 T - a scroll of fog {unknown}
 U - 2 scrolls of magic mapping {unknown}
 V - a scroll of identify
 Z - a scroll of enchant weapon
Potions
 d - a potion of lignification
 i - 4 potions of brilliance
 j - 2 potions of invisibility
 n - 2 potions of curing
 r - 2 potions of resistance
 x - a potion of mutation {unknown}
 F - a potion of might {unknown}
 J - a potion of agility
 M - a potion of ambrosia {unknown}
 N - a potion of flight {unknown}
 R - a potion of cancellation
 S - 2 potions of degeneration {unknown}
Comestibles
 f - 15 rations
 Q - 2 chunks of flesh


   Skills:
 + Level 10.1 Fighting
 + Level 5.5 Short Blades
 + Level 5.5 Long Blades
 + Level 5.5 Axes
 + Level 5.5 Maces & Flails
 + Level 5.5 Polearms
 + Level 5.5 Staves
 + Level 5.5 Slings
 + Level 8.6 Bows
 + Level 5.5 Crossbows
 + Level 5.5 Throwing
 + Level 6.1 Armour
 + Level 5.5 Dodging
 + Level 6.0 Stealth
 + Level 6.1 Shields
 + Level 5.5 Unarmed Combat
 + Level 5.5 Spellcasting
 + Level 4.5 Conjurations
 + Level 4.5 Hexes
 + Level 4.5 Charms
 + Level 4.5 Summonings
 + Level 4.5 Necromancy
 + Level 4.5 Translocations
 + Level 4.5 Transmutations
 + Level 4.5 Fire Magic
 + Level 4.5 Ice Magic
 + Level 4.5 Air Magic
 + Level 4.5 Earth Magic
 + Level 4.5 Poison Magic
 + Level 6.0 Invocations
 + Level 5.5 Evocations


You had 20 spell levels left.
You didn't know any spells.

Dungeon Overview and Level Annotations

Branches:
Dungeon (9/15)             Temple (0/1) D:4            Lair (1/6) D:8
    Orc (1/2) D:9

Altars:
Dithmenos
Gozag
Hepliaklqana
Nemelex Xobeh


Innate Abilities, Weirdness & Mutations

Your experience applies equally to all skills.
You have very sharp teeth.
Your uncanny sense of smell can sniff out nearby items.


Message History

The gnoll hits you from afar with a spear.
* * * LOW HITPOINT WARNING * * *
The gnoll sergeant hits you but does no damage.
It was a potion of invisibility.
You fade into invisibility!
The worker ant misses you. The gnoll closely misses you. x2
The gnoll hits you with a whip.
* * * LOW HITPOINT WARNING * * *
The orc warrior completely misses you.
The big kobold throws a stone.
The stone hits the orc warrior.
The gnoll sergeant closely misses you. The worker ant misses you.
The gnoll misses you.
You are very lightly contaminated with residual magic.
It was a potion of cancellation.
Your magical effects are unravelling.
You feel magically purged.
Your magical contamination has completely faded away.
You flicker back into view.
You feel a little less clever now. The gnoll misses you.
The gnoll hits you but does no damage. The worker ant bites you!
You die...

###########
..........#
#.....g...#####
#.....g@a......
......ggo......
.....g.gg.....%
...............
...........K...
...............
.g.............
##.............######
#..............gg..


You could see an orc warrior, a big kobold, a gnoll sergeant, a worker ant and 7
gnolls.

Vanquished Creatures
  Erica (D:9)
  Joseph (D:9)
  4 yaks (D:9)
  A hungry ghost (D:8)
  A phantom (D:4)
  4 orc warriors
  2 ice beasts
  5 ogres
  3 black bears
  5 centaurs
  A big kobold (D:9)
  Blork the orc (D:6)
  3 elf zombies (Ossuary)
  4 bullfrogs
  A gnoll sergeant (D:9)
  3 scorpions
  4 killer bees (D:8)
  A wight (D:9)
  A howler monkey (D:6)
  2 bullfrog zombies
  2 centaur zombies (Ossuary)
  2 crimson imps
  7 hounds
  4 orc priests
  A jelly (D:6)
  5 orc wizards
  An iguana (D:8)
  Natasha (thrice) (D:3)
  7 worker ants
  3 big kobold zombies (Ossuary)
  3 mummies (Ossuary)
  A hound zombie (Ossuary)
  A hound skeleton (D:8)
  Robin (D:2)
  7 adders
  2 gnolls (D:9)
  An ooze (D:2)
  An adder skeleton (D:9)
  2 adder zombies (Ossuary)
  2 worms
  3 dart slugs
  7 leopard geckos
  30 orcs
  A ball python (D:2)
  10 bats
  8 giant cockroaches
  A gnoll zombie (Ossuary)
  17 goblins
  16 hobgoblins
  8 jackals
  2 quokkas
  5 frilled lizards
  4 goblin zombies (Ossuary)
  3 hobgoblin zombies (Ossuary)
  3 jackal zombies (Ossuary)
  7 kobolds
  5 kobold zombies (Ossuary)
  An orc zombie (Ossuary)
  2 quokka zombies (Ossuary)
  9 rats
  4 rat zombies (Ossuary)
  A plant (D:8)
251 creatures vanquished.

Notes
Turn   | Place    | Note
-------+----------+-------------------------------------------
     0 | D:1      | jerryfan the Gnoll Wanderer began the quest for the Orb.
     0 | D:1      | jerryfan set off with: a +2 shortbow, 23 arrows, a +0 ring mail, a potion of lignification, a ration
     0 | D:1      | Reached XP level 1. HP: 26/26 MP: 1/1
    45 | D:1      | Reached XP level 2. HP: 33/33 MP: 2/2
   291 | D:1      | Reached XP level 3. HP: 38/38 MP: 3/3
   464 | D:1      | Reached skill level 1 in Invocations
   831 | D:2      | Reached skill level 1 in Short Blades
   831 | D:2      | Reached skill level 1 in Long Blades
   831 | D:2      | Reached skill level 1 in Axes
   831 | D:2      | Reached skill level 1 in Maces & Flails
   831 | D:2      | Reached skill level 1 in Polearms
   831 | D:2      | Reached skill level 1 in Staves
   831 | D:2      | Reached skill level 1 in Slings
   831 | D:2      | Reached skill level 1 in Crossbows
   831 | D:2      | Reached skill level 1 in Throwing
   831 | D:2      | Reached skill level 1 in Dodging
   831 | D:2      | Reached skill level 1 in Unarmed Combat
   831 | D:2      | Reached skill level 1 in Spellcasting
   831 | D:2      | Reached skill level 1 in Evocations
   871 | D:2      | Reached XP level 4. HP: 45/45 MP: 5/5
   986 | D:2      | Reached skill level 1 in Conjurations
   986 | D:2      | Reached skill level 1 in Hexes
   986 | D:2      | Reached skill level 1 in Charms
   986 | D:2      | Reached skill level 1 in Summonings
   986 | D:2      | Reached skill level 1 in Necromancy
   986 | D:2      | Reached skill level 1 in Translocations
   986 | D:2      | Reached skill level 1 in Transmutations
   986 | D:2      | Reached skill level 1 in Fire Magic
   986 | D:2      | Reached skill level 1 in Ice Magic
   986 | D:2      | Reached skill level 1 in Air Magic
   986 | D:2      | Reached skill level 1 in Earth Magic
   986 | D:2      | Reached skill level 1 in Poison Magic
  1005 | D:2      | Noticed Robin
  1009 | D:2      | Killed Robin
  1127 | D:2      | Reached XP level 5. HP: 51/51 MP: 6/6
  1839 | D:3      | Noticed Natasha
  1854 | D:3      | Killed Natasha
  2095 | D:3      | Reached XP level 6. HP: 57/57 MP: 8/8
  2173 | D:3      | Found an opulent altar of Gozag.
  2176 | D:3      | Noticed Natasha
  2313 | D:3      | Killed Natasha
  2462 | D:3      | Noticed Natasha
  2463 | D:3      | Killed Natasha
  2534 | D:4      | Found a staircase to the Ecumenical Temple.
  2583 | D:4      | Reached XP level 7. HP: 63/63 MP: 10/10
  3106 | D:5      | Entered Level 5 of the Dungeon
  3383 | D:5      | Got an iridescent trident
  3393 | D:5      | Identified the +8 trident of Unreason {antimagic, Str+2} (You found it on level 5 of the Dungeon)
  3402 | D:5      | Reached skill level 9 in Fighting
  3621 | D:5      | Found a shadowy altar of Dithmenos.
  3745 | D:5      | Reached XP level 8. HP: 70/71 MP: 4/12
  3993 | D:6      | Noticed Blork the orc
  4002 | D:6      | Killed Blork the orc
  4225 | D:6      | Found a hazy altar of Hepliaklqana.
  4883 | D:7      | Found a sparkling altar of Nemelex Xobeh.
  5087 | D:7      | Reached XP level 9. HP: 76/76 MP: 9/14
  5570 | D:8      | Found a sand-covered staircase.
  5603 | Ossuary  | Entered an ossuary
  6015 | D:8      | Got a twisted robe
  6026 | D:8      | Identified the +4 robe of Muas {Str+3 Int+4} (You found it on level 8 of the Dungeon)
  6045 | D:8      | Reached skill level 5 in Armour
  6045 | D:8      | Reached skill level 5 in Shields
  6169 | D:8      | You fall through a shaft!
  6245 | D:8      | Reached skill level 5 in Stealth
  6491 | D:8      | Found a staircase to the Lair.
  6645 | D:8      | Reached skill level 5 in Invocations
  7015 | Lair:1   | Entered Level 1 of the Lair of Beasts
  7140 | D:9      | Reached XP level 10. HP: 84/84 MP: 5/17
  7209 | D:9      | Noticed Erica
  7240 | D:9      | Killed Erica
  7240 | D:9      | Reached skill level 5 in Short Blades
  7240 | D:9      | Reached skill level 5 in Long Blades
  7240 | D:9      | Reached skill level 5 in Axes
  7240 | D:9      | Reached skill level 5 in Maces & Flails
  7240 | D:9      | Reached skill level 5 in Polearms
  7240 | D:9      | Reached skill level 5 in Staves
  7240 | D:9      | Reached skill level 5 in Slings
  7240 | D:9      | Reached skill level 5 in Crossbows
  7240 | D:9      | Reached skill level 5 in Throwing
  7240 | D:9      | Reached skill level 5 in Dodging
  7240 | D:9      | Reached skill level 5 in Unarmed Combat
  7240 | D:9      | Reached skill level 5 in Spellcasting
  7240 | D:9      | Reached skill level 5 in Evocations
  7392 | D:9      | Noticed Joseph
  7400 | D:9      | Killed Joseph
  7400 | D:9      | Reached skill level 10 in Fighting
  7488 | D:9      | Found a staircase to the Orcish Mines.
  7515 | Orc:1    | Entered Level 1 of the Orcish Mines
  7983 | D:9      | Noticed a manticore
  8090 | D:9      | Noticed a catoblepas
  8194 | D:9      | HP: 4/85 [gnoll/whip (3)]
  8195 | D:9      | Slain by a worker ant

Skill      XL: |  1  2  3  4  5  6  7  8  9 10 |
---------------+-------------------------------+-----
Invocations    | 1 2 3 4 5 6 |  6.0
Short Blades   | 1 2 3 4 5 |  5.5
Long Blades    | 1 2 3 4 5 |  5.5
Axes           | 1 2 3 4 5 |  5.5
Maces & Flails | 1 2 3 4 5 |  5.5
Polearms       | 1 2 3 4 5 |  5.5
Staves         | 1 2 3 4 5 |  5.5
Slings         | 1 2 3 4 5 |  5.5
Crossbows      | 1 2 3 4 5 |  5.5
Throwing       | 1 2 3 4 5 |  5.5
Dodging        | 1 2 3 4 5 |  5.5
Unarmed Combat | 1 2 3 4 5 |  5.5
Spellcasting   | 1 2 3 4 5 |  5.5
Evocations     | 1 2 3 4 5 |  5.5
Conjurations   | 1 2 3 4 |  4.5
Hexes          | 1 2 3 4 |  4.5
Charms         | 1 2 3 4 |  4.5
Summonings     | 1 2 3 4 |  4.5
Necromancy     | 1 2 3 4 |  4.5
Translocations | 1 2 3 4 |  4.5
Transmutations | 1 2 3 4 |  4.5
Fire Magic     | 1 2 3 4 |  4.5
Ice Magic      | 1 2 3 4 |  4.5
Air Magic      | 1 2 3 4 |  4.5
Earth Magic    | 1 2 3 4 |  4.5
Poison Magic   | 1 2 3 4 |  4.5
Armour         | 3 4 5 6 |  6.1
Shields        | 3 4 5 6 |  6.1
Stealth        | 3 4 5 6 |  6.0
Bows           | 7 8 |  8.6
Fighting       | 9 10 | 10.1

Action                   |  1- 3 |  4- 6 |  7- 9 | 10-12 || total
-------------------------+-------+-------+-------+-------++-------
Melee: Dagger            |       |       |    34 |       ||    34
       Trident           |       |       |   163 |    62 ||   225
       Bite              |       |       |    29 |    10 ||    39
       Falchion          |       |       |     2 |       ||     2
       Punch             |       |       |     3 |     3 ||     6
 Fire: Shortbow          |    82 |   187 |   227 |    72 ||   568
Evoke: Wand              |       |       |       |     9 ||     9
  Use: Scroll            |     3 |     2 |     6 |     3 ||    14
       Potion            |       |     1 |     1 |     6 ||     8
 Stab: Sleeping          |       |       |     3 |     2 ||     5
       Petrified         |       |       |       |     2 ||     2
  Eat: Chunk             |       |     5 |    12 |     3 ||    20
       Ration            |       |       |     1 |       ||     1
Armor: Ring mail         |     4 |    21 |    64 |       ||    89
       Robe              |       |       |    19 |    30 ||    49
Dodge: Dodged            |     8 |    33 |   150 |    54 ||   245
       Rpst.: Falchion   |       |       |     1 |       ||     1
